 Dungeon Crawl Stone Soup version 0.26.1-2-gb8aa6d0cf2 (webtiles) character file.

Game seed: 3222909555544269605

3049 phalm the Blocker (level 9, -2/81 HPs)
             Began as a Deep Dwarf Fighter on Mar 4, 2021.
             Was an Elder of Okawaru.
             Killed from afar by an electric eel (12 damage)
             ... with a bolt of electricity
             ... on level 8 of the Dungeon.
             The game lasted 00:22:17 (5522 turns).

phalm the Blocker (Deep Dwarf Fighter)              Turns: 5522, Time: 00:22:18

Health: -2/81      AC: 16    Str: 22    XL:     9   Next: 57%
Magic:  14/14 (5)  EV:  7    Int: 10    God:    Okawaru [****..]
Gold:   491        SH: 11    Dex: 12    Spells: 8/8 levels left

rFire    . . .     SeeInvis .   a - +1 war axe (vamp)
rCold    + . .     Faith    .   c - +0 kite shield
rNeg     . . .     Spirit   .   y - +0 plate armour
rPois    .         Reflect  .   (no helmet)
rElec    .         Harm     .   s - +2 cloak
rCorr    .         Rampage  .   (no gloves)
Will     +....                  (no boots)
Stlth    ..........             (no amulet)
HPRegen  0.00/turn              v - ring of magical power
MPRegen  0.14/turn              (no ring)

@: non-regenerating, studying Stealth
A: damage resistance, heal wounds, cold resistance 1, sense surroundings 2, wild
magic 1, no regeneration
a: Heal Wounds, Renounce Religion, Heroism


You were on level 8 of the Dungeon.
You worshipped Okawaru.
Okawaru was greatly pleased with you.
You visited 1 branch of the dungeon, and saw 8 of its levels.

You collected 491 gold pieces.

Inventory:

Hand Weapons
 a - a +1 vampiric war axe (weapon)
Armour
 c - a +0 kite shield (worn)
 s - a +2 cloak (worn)
 y - a +0 plate armour (worn)
Jewellery
 i - an uncursed ring of ice
 v - a ring of magical power (left hand)
Wands
 b - a wand of enslavement (14)
 q - a wand of iceblast (7)
 u - a wand of random effects (12)
Scrolls
 g - a scroll of amnesia
 j - 3 scrolls of noise
 k - 4 scrolls of teleportation
 p - a scroll of brand weapon
 t - a scroll of identify
 w - a scroll of fear
 x - a scroll of enchant armour {unknown}
 z - a scroll of immolation {unknown}
Potions
 d - 2 potions of might
 e - 2 potions of brilliance
 h - a potion of magic {unknown}
 l - 2 potions of heal wounds
 m - a potion of invisibility
 n - a potion of berserk rage
 o - 3 potions of curing
 r - 2 potions of attraction
Books
 f - a manual of Stealth


   Skills:
 + Level 5.4 Fighting
 * Level 8.1 Axes
 + Level 6.6 Armour
 + Level 5.3 Dodging
 * Level 8.4 Shields


You had 8 spell levels left.
You didn't know any spells.
Your spell library was empty.

Dungeon Overview and Level Annotations

Branches:
Dungeon (8/15)             Temple (0/1) D:4
   Lair: D:8-11

Altars:
Ashenzari
Fedhas
Nemelex Xobeh
Okawaru
Ru
Vehumet
Xom
The Shining One

Shops:
D:6 [   D:7 =

Annotations:
D:7 3 runed translucent doors, Cheops's ghost, novice DgEE


Innate Abilities, Weirdness & Mutations

You are resistant to damage.
You can heal yourself by infusing magical energy.
You passively map the area around you.
You do not regenerate.
Your flesh is cold resistant. (rC+)
Your spells are a little harder to cast, but a little more powerful.


Message History

The bolt of electricity hits the plant!
The plant begins to die.
The bolt of electricity hits you!
* * * LOW HITPOINT WARNING * * *
The electric eel shoots out a bolt of lightning at you!
The bolt of electricity hits the plant.
The bolt of electricity hits you!
* * * LOW HITPOINT WARNING * * *
You feel much better.
The electric eel shoots out a bolt of lightning at you!
The bolt of electricity hits the plant!
The bolt of electricity hits you!
A nearby plant withers and dies.
The electric eel shoots out a bolt of lightning at you!
The bolt of electricity hits you!
* * * LOW HITPOINT WARNING * * *
The electric eel shoots out a bolt of lightning at you!
The bolt of electricity hits you!
* * * LOW HITPOINT WARNING * * *
You closely miss the electric eel. You hit the plant.
The plant begins to die.
The electric eel shoots out a bolt of lightning at you!
The bolt of electricity hits you!
You die...

.# * * , * .# * * *
*##PPP≈≈ ≈≈ .# * , ,..≈≈ ≈
.####### *#.P≈ * .#
.>........# ##P≈P *≈≈P.*
.####..##.# #..≈♣♣♣♣*P≈P.
.#..#..##.# #.P≈≈♣P♣♣≈P≈.
.#..#..##.# #.#;P≈P≈P≈.#.
....#..##.# #..@.≈≈......*
##.##..##.# #.....P.#.. *
#.....##.# #.......+ ,
####..##.# #.....###,
#.......# #.....# * , ,
#.......# #.....# * ,
#.......# #.....########
####'##.# #............. ,
######..#.########.#######.


You could see an electric eel.

Vanquished Creatures
  Joseph (D:7)
  5 ice beasts
  4 orc warriors
  A black bear (D:6)
  An ogre (D:6)
  A sky beast (D:7)
  3 centaurs
  2 bullfrogs (D:6)
  A water moccasin zombie (D:5)
  3 electric eels (D:8)
  4 crimson imps (D:4)
  5 orc priests
  Crazy Yiuf (D:7)
  2 hounds
  A jelly (D:6)
  A bullfrog skeleton (D:5)
  3 iguanas
  Natasha (thrice) (D:4)
  7 orc wizards
  2 worker ants (D:6)
  8 adders
  4 gnolls (D:6)
  A shadow imp (D:6)
  2 ufetubi
  An ooze (D:5)
  2 adder zombies
  An adder skeleton (D:5)
  4 worms
  8 leopard geckos
  29 orcs
  A ball python (D:5)
  10 bats
  5 giant cockroaches
  4 goblins
  8 hobgoblins
  7 jackals
  8 kobolds
  2 quokkas
  6 frilled lizards
  A leopard gecko skeleton (D:6)
  A quokka zombie (D:8)
  14 rats
178 creatures vanquished.

Vanquished Creatures (others)
  3 plants (D:8)
3 creatures vanquished.

Grand Total: 181 creatures vanquished

Notes
Turn   | Place    | Note
-------+----------+-------------------------------------------
     0 | D:1      | phalm the Deep Dwarf Fighter began the quest for the Orb.
     0 | D:1      | Reached XP level 1. HP: 20/20 MP: 1/1
    67 | D:1      | Reached XP level 2. HP: 27/27 MP: 2/2
   218 | D:1      | Reached skill level 1 in Dodging
   264 | D:1      | Reached XP level 3. HP: 33/33 MP: 3/3
   458 | D:2      | Found an iron altar of Okawaru.
   511 | D:2      | Became a worshipper of Warmaster Okawaru
   597 | D:2      | Reached XP level 4. HP: 34/42 MP: 4/4
  1264 | D:3      | Gained mutation: Your spells are a little harder to cast,
                  | but a little more powerful. [potion of mutation]
  1264 | D:3      | Gained mutation: Your flesh is cold resistant. (rC+)
                  | [potion of mutation]
  1539 | D:3      | Reached XP level 5. HP: 24/49 MP: 5/5
  1721 | D:4      | Noticed Natasha
  1730 | D:4      | Killed Natasha
  1857 | D:4      | Noticed Natasha
  1862 | D:4      | Killed Natasha
  1879 | D:4      | Found a shimmering altar of Xom.
  1893 | D:4      | Reached * piety under Okawaru
  1894 | D:4      | Reached XP level 6. HP: 36/56 MP: 6/6
  1963 | D:4      | Found a blossoming altar of Fedhas.
  1963 | D:4      | Found a radiant altar of Vehumet.
  2004 | D:4      | Noticed Natasha
  2011 | D:4      | Killed Natasha
  2019 | D:4      | Found a staircase to the Ecumenical Temple.
  2062 | D:4      | Reached skill level 5 in Shields
  2117 | D:4      | Found a glowing golden altar of the Shining One.
  2295 | D:5      | Entered Level 5 of the Dungeon
  2389 | D:5      | Noticed an ice beast
  2402 | D:5      | Killed an ice beast
  2403 | D:5      | Reached XP level 7. HP: 26/63 MP: 7/7
  2466 | D:5      | Reached skill level 5 in Axes
  2498 | D:5      | Reached ** piety under Okawaru
  2665 | D:5      | Reached skill level 5 in Armour
  2747 | D:5      | Reached XP level 8. HP: 19/72 MP: 6/6
  2962 | D:5      | Found a sacrificial altar of Ru.
  2972 | D:5      | Found a sparkling altar of Nemelex Xobeh.
  3230 | D:6      | Reached *** piety under Okawaru
  3760 | D:6      | Found Qilamyh's Armour Emporium.
  4143 | D:7      | Found a broken altar of Ashenzari.
  4190 | D:7      | Gained mutation: You passively map the area around you.
                  | [Deep Dwarf growth]
  4190 | D:7      | Reached XP level 9. HP: 50/80 MP: 6/6
  4285 | D:7      | Reached skill level 5 in Fighting
  4377 | D:7      | Noticed Joseph
  4378 | D:7      | Found Jailats's Jewellery Emporium.
  4398 | D:7      | Killed Joseph
  4445 | D:7      | Reached **** piety under Okawaru
  4455 | D:7      | Reached skill level 5 in Dodging
  4788 | D:7      | Found a runed translucent gate.
  4788 | D:7      | Found a runed translucent gate.
  4788 | D:7      | Found a runed translucent gate.
  4788 | D:7      | Noticed Cheops's ghost (novice DgEE)
  4914 | D:7      | Found a runed translucent door.
  4915 | D:7      | Noticed Crazy Yiuf
  5109 | D:7      | Killed Crazy Yiuf
  5239 | D:8      | HP: 4/81 [electric eel/bolt of electricity (3)]
  5522 | D:8      | Killed from afar by an electric eel

Illustrated notes

Levels and vault maps discovered:
D:1:      dpeg_arrival_leaves_temple_mockup, layout_rooms
D:2:      layout_basic, okawaru_trees_1
D:3:      layout_rooms, minmay_ruptured
D:4:      layout_rooms, tso_altar, gammafunk_temple_overflow_elements,
          minmay_temple_entry_hall, serial_rivers,
          chequers_serial_rivers_small_a, chequers_serial_rivers_micro_b,
          chequers_serial_rivers_room_b, chequers_serial_rivers_marsh,
          chequers_serial_rivers_marsh, chequers_serial_rivers_small_3,
          led_xom_imps, uniq_natasha
D:5:      layout_basic, amethyst_overflow_temple_binary, serial_corexii_hall,
          corexii_hall_statues_i, corexii_hall_statues_x
D:6:      layout_gridville, serial_shops, nicolae_shop_behind_doors,
          minmay_manual_moon
D:7:      layout_cave_pods, lemuel_round_altar, ebering_ghost_rock_garden,
          serial_shops, shop, uniq_crazy_yiuf_cottage, uniq_joseph
D:8:      layout_basic, gammafunk_temple_overflow_pools, serial_bayou,
          serial_bayou_pond_c, serial_bayou_lagoon_a, serial_bayou_shore_a,
          serial_bayou_pond_b

Skill      XL: |  1  2  3  4  5  6  7  8  9 |
---------------+----------------------------+-----
Dodging        | 1 2 3 4 5 |  5.3
Fighting       | 3 4 5 |  5.4
Axes           | 3 4 5 7 8 |  8.1
Armour         | 4 5 6 |  6.6
Shields        | 4 5 6 7 8 |  8.4

Action                   |  1- 3 |  4- 6 |  7- 9 || total
-------------------------+-------+-------+-------++-------
Melee: War axe           |    72 |   226 |   357 ||   655
 Abil: Heal Wounds       |       |     1 |    10 ||    11
Evoke: Wand              |       |       |     1 ||     1
  Use: Scroll            |     1 |     4 |     9 ||    14
       Potion            |       |     5 |     1 ||     6
Armor: Scale mail        |    32 |   105 |    23 ||   160
       Ring mail         |       |       |    93 ||    93
       Plate armour      |       |       |    26 ||    26
Dodge: Dodged            |    35 |   102 |   123 ||   260
Block: Kite shield       |    50 |   142 |   205 ||   397
